 Dungeon Sprint DCSS version 0.31-a0-667-g39726597b9 (webtiles) character file.

Game seed: 4578159503215184742

133 Revguard the Combatant (level 4, -1/38 HPs)
             Began as a Demonspawn Gladiator on Sept 4, 2023.
             Was a Follower of Okawaru.
             Slain by a merfolk
             ... wielding a +0 trident
              (12 damage)
             ... in the Dungeon (Sprint V: "Ziggurat Sprint").
             The game lasted 00:01:42 (132 turns).

Revguard the Combatant (Demonspawn Gladiator)        Turns: 132, Time: 00:01:43

Health: -1/38      AC: 27    Str: 28    XL:     4   Next: 93%
Magic:  8/8        EV:  9    Int: 10    God:    Okawaru [*.....]
Gold:   0          SH:  0    Dex: 14    Spells: 3/3 levels left

rFire   + + .        D - +7 great mace "Firestarter" {flame, immolate, rFlCloud rF++}
rCold   . . .        (shield currently unavailable)
rNeg    . . .        E - +15 Maxwell's patent armour {-Cast -Tele rElec Will+ rCorr}
rPois   .            c - +0 helmet
rElec   +            (no cloak)
rCorr   +            (no gloves)
SInv    .            (no boots)
Will    +....        (no amulet) Stlth
                     z - +6 ring of strength
HPRegen 0.26/turn    A - +6 ring of strength
MPRegen 0.11/turn

%: no teleportation, no spellcasting
@: no status effects
A: claws 1, hooves 1, foul stench 1
a: Renounce Religion, Heroism


You were in the Dungeon.
You worshipped Okawaru.
Okawaru was aware of your devotion.
You visited 1 branch

Inventory:

Hand Weapons
 a - a +0 war axe
 D - the +7 great mace "Firestarter" (weapon) {flame, immolate, rFlCloud rF++}
   (You found it in the Dungeon)

   rFlCloud:  It grants immunity to clouds of flame.
   rF++:      It greatly protects you from fire.
 F - the +10 dark maul {heavy}
   (You found it in the Dungeon)
Missiles
 d - 3 throwing nets (quivered)
 e - a javelin
Armour
 b - a +0 leather armour
 c - a +0 helmet (worn)
 E - the +15 Maxwell's patent armour (worn) {-Cast -Tele rElec Will+ rCorr}
   (You found it in the Dungeon)

   rElec:     It insulates you from electricity.
   Will+:     It increases your willpower.
   -Cast:     It prevents spellcasting.
   -Tele:     It prevents most forms of teleportation.
   rCorr:     It protects you from acid and corrosion.
Jewellery
 u - a ring of flight
 v - a +6 ring of dexterity
 w - a +6 ring of dexterity
 x - a +6 ring of intelligence
 y - a +6 ring of intelligence
 z - a +6 ring of strength (left claw)
 A - a +6 ring of strength (right claw)
Wands
 o - a wand of flame (10)
 B - a wand of mindburst (7)
 C - a wand of acid (7)
Scrolls
 k - 4 scrolls of blinking
 q - 4 scrolls of amnesia
 r - 7 scrolls of fog
 s - 5 scrolls of identify
 t - 2 scrolls of fear
Potions
 f - 10 potions of curing
 g - 10 potions of heal wounds
 h - 6 potions of haste
 i - 7 potions of magic
 j - 3 potions of berserk rage
 l - 2 potions of brilliance
 m - 2 potions of invisibility
 n - 4 potions of resistance
 p - 5 potions of might


   Skills:
 + Level 4.7 Fighting
 - Level 2.6(4.0) Axes
 + Level 4.5(4.9) Maces & Flails
 - Level 1.7 Throwing
 + Level 3.8 Armour
 + Level 4.8 Dodging
 + Level 5.3 Invocations
 + Level 4.0 Evocations


You had 3 spell levels left.
You didn't know any spells.
Your spell library was empty.

Dungeon Overview and Level Annotations

Branches:
Dungeon (1/1)

Altars:
Ashenzari
Cheibriados
Dithmenos
Fedhas
Gozag
Hepliaklqana
Kikubaaqudgha
Makhleb
Nemelex Xobeh
Okawaru
Qazlal
Ru
Sif Muna
Trog
Uskayaw
Vehumet
Wu Jian
Xom
Yredelemnul
Jiyva
Lugonu

Annotations:
D 1 transporter


Innate Abilities, Weirdness & Mutations

You have sharp fingernails.
You have large cloven feet.
You may rarely emit foul miasma when damaged in melee.


Message History

The scorpion stings you but does no damage. x2
You hit the scorpion. You burn the scorpion.
The scorpion is filled with an inner flame.
The scorpion is moderately wounded.
The scorpion stings you but does no damage.
You sock the scorpion!
Flame seeps out of the scorpion.
You burn the scorpion. Okawaru is honoured by your kill.
You can now gain great but temporary skills.
The scorpion explodes!
The fiery explosion engulfs you but does no damage.
Your Invocations skill increases to level 5!
Your Evocations skill increases to level 4!
o - a wand of flame (10)
There is a transporter here.
You start resting.
Magic restored.
Welcome to arena 2.
You enter the transporter and appear at another place. 3 merfolk come into view.
The merfolk shouts! x2
The merfolk throws a boomerang.
The boomerang completely misses you.
Found three items.
Found a transporter.
The merfolk hits you but does no damage. x2
The merfolk hits you with a +0 trident.
The merfolk hits you but does no damage.
The merfolk closely misses you.
You sock the merfolk! You burn the merfolk.
The merfolk is filled with an inner flame.
Your kick misses the merfolk.
The merfolk is moderately wounded.
The merfolk hits you but does no damage. x2
The merfolk hits you with a +0 trident.
The merfolk hits you but does no damage.
The merfolk hits you with a +0 trident. The merfolk hits you with a +0 trident!
You miss the merfolk. You kick the merfolk.
The merfolk is lightly wounded.
The merfolk hits you with a +0 trident.
* * * LOW HITPOINT WARNING * * *
The merfolk hits you with a +0 trident!
You die...

▓▓▓▓▓▓▓▓▓▓▓▓▓
▓.8©8.▓.8©8.▓
▓.|[).▓.....▓
▓..m..▓...%.▓
▓.m@..▓.....▓
▓.m...▓..†..▓
▓.....▓..©..▓
▓..©..▓▓▓▓▓▓▓
▓▓▓▓▓▓▓


You could see 3 merfolk.

Vanquished Creatures
  2 scorpions (D)
2 creatures vanquished.

Notes
Turn   | Place    | Note
-------+----------+-------------------------------------------
     0 | D        | Revguard the Demonspawn Gladiator began the quest for the
                  | Orb.
     0 | D        | Reached XP level 1. HP: 16/16 MP: 1/1
     0 | D        | Found a shimmering blue altar of Sif Muna.
     0 | D        | Found a bloodstained altar of Trog.
     0 | D        | Found a sacrificial altar of Ru.
     0 | D        | Found a stormy altar of Qazlal.
     0 | D        | Found an iron altar of Okawaru.
     1 | D        | Found a sparkling altar of Nemelex Xobeh.
     1 | D        | Found a blossoming altar of Fedhas.
     1 | D        | Found the +6 Majin-Bo {spellvamp, MP+6 Int+6}
     1 | D        | Found the +27 heavy crossbow "Sniper" {heavy, Acc+∞ SInv}
     1 | D        | Found the +10 dark maul {heavy}
     1 | D        | Found the +15 Maxwell's patent armour {-Cast -Tele rElec
                  | Will+ rCorr}
     1 | D        | Found the +18 shield of the Gong {Loud rN+ Will+ rCorr
                  | EV-5}
     1 | D        | Found the +16 obsidian axe {drain, demonic, Mesm Drain Fly
                  | SInv}
     1 | D        | Found the +7 great mace "Firestarter" {flame, immolate,
                  | rFlCloud rF++}
     1 | D        | Found the +6 shillelagh "Devastator" {shatter}
     1 | D        | Found the +11 plutonium sword {Contam Stlth-}
     1 | D        | Found the +8 lance "Wyrmbane" {slay drac, rPois rF+ rC+
                  | AC+3}
     1 | D        | Found the +9 sword of Zonguldrok {reap}
     1 | D        | Found the +13 scythe of Curses {drain, curses, Drain}
     1 | D        | Found the +9 sword of Power {lifebolt}
     1 | D        | Found the +7 mace of Variability {chaos, chaos arc}
     1 | D        | Found the +11 Singing Sword {sonic wave}
     1 | D        | Found the +8 storm bow {elec, penet}
     3 | D        | Found a transporter.
     3 | D        | Found an ancient bone altar of Kikubaaqudgha.
     3 | D        | Found a viscous altar of Jiyva.
     3 | D        | Found a corrupted altar of Lugonu.
     3 | D        | Found a hazy altar of Hepliaklqana.
     3 | D        | Found a burning altar of Makhleb.
     3 | D        | Found an opulent altar of Gozag.
    60 | D        | Became a worshipper of Warmaster Okawaru
    64 | D        | Reached skill level 3 in Invocations
    64 | D        | Discovered your monstrous ancestry.
    64 | D        | Gained mutation: You have sharp fingernails. [demonic
                  | ancestry]
    64 | D        | Reached XP level 2. HP: 24/24 MP: 1/4
    69 | D        | Entered arena 2.
    69 | D        | Noticed a scorpion
    69 | D        | Noticed a scorpion
    69 | D        | Found a transporter.
    72 | D        | Killed a scorpion
    73 | D        | Reached skill level 4 in Invocations
    73 | D        | Gained mutation: You may rarely emit foul miasma when
                  | damaged in melee. [demonic ancestry]
    73 | D        | Reached XP level 3. HP: 30/30 MP: 1/6
    73 | D        | Gained mutation: You have large cloven feet. [demonic
                  | ancestry]
    73 | D        | Reached XP level 4. HP: 37/37 MP: 1/7
    75 | D        | Killed a scorpion
    75 | D        | Reached * piety under Okawaru
    76 | D        | Reached skill level 5 in Invocations
   127 | D        | Entered arena 3.
   127 | D        | Noticed a merfolk
   127 | D        | Noticed a merfolk
   127 | D        | Noticed a merfolk
   127 | D        | Found a transporter.
   132 | D        | Slain by a merfolk

Illustrated notes

Levels and vault maps discovered:
D:        sprint_v [room_start, room_1, room_2, room_3, room_4, room_5, room_6,
          room_7, room_8, room_9, room_10, room_11, room_12, room_13, room_14,
          room_15, room_16, room_17, room_18, room_19, room_20, room_21,
          room_22, room_23, room_24, room_25, room_26, room_27]

Skill      XL: |  1  2  3  4 |
---------------+-------------+-----
Fighting       | 3 4 |  4.7
Maces & Flails | 3 4 |  4.5
Armour         | 2 3 |  3.8
Dodging        | 3 4 |  4.8
Invocations    | 3 4 5 |  5.3
Evocations     | 2 3 4 |  4.0
Axes           | |  2.6
Throwing       | |  1.7

Action                     |  1- 3 |  4- 6 || total
---------------------------+-------+-------++-------
  Melee: Great mace        |     3 |     5 ||     8
         Kick              |       |     1 ||     1
    Use: Potion            |     1 |       ||     1
 Armour: Plate armour      |     2 |    16 ||    18
  Dodge: Dodged            |     6 |     2 ||     8

Table legend: (Time is in decaauts)
 A = Elapsed time spent in this place.
 B = Non-inter-level travel time spent in this place.
 C = Inter-level travel time spent in this place.
 D = Time resting spent in this place.
 E = Time spent auto-exploring this place.
 F = Levels seen in this place.
 G = Mean time per level.
                   A        B        C        D        E       F      G
               +--------+--------+--------+--------+--------+-----+--------+
         Total |    133 |    133 |      0 |     45 |      0 |   1 |  133.0 |
       Dungeon |    133 |    133 |      0 |     45 |      0 |   1 |  133.0 |
               +--------+--------+--------+--------+--------+-----+--------+

Top non-repeatable levels by time:
       D: 133 daAuts
